Map: Automaton LE

Players

Guru

  • Race: Zerg Zerg
  • League: Gold
  • Spawn Location: 9:00

Mesrob - Winner!

  • Race: Terran Terran
  • League: Gold
  • Spawn Location: 3:00

VOD

Have the link to the VOD?

Description

Time

  • Played on: Jan. 22, 2019, 12:05 a.m.
  • Length: 23:32
Show
View Real Time Build Order
Export as new Build Order

Guru Zerg 

Build Orders: Hatch First 

Get SALT Encoding   

  12  0:02  Drone  
  13  0:13  Overlord  
  13  0:22  Drone  
  14  0:33  Extractor, Drone  
  14  0:34  Drone  
  16  0:38  Drone  
  17  0:58  Hatchery  
  17  0:59  Drone  
  17  1:08  Extractor, Drone  
  17  1:10  Drone  
  18  1:22  Drone  
  19  1:31  Spawning Pool  
  18  1:33  Drone  
  19  2:18  Drone  
  19  2:19  Queen  
  19  2:21  Queen  
  19  2:22  Zergling x2  
  25  2:23  Zergling x4  
  25  2:24  Metabolic Boost  
  27  2:35  Drone  
  27  2:36  Overlord  
  28  2:41  Overlord  
  28  2:53  Drone, Roach Warren  
  28  3:02  Queen  
  28  3:04  Drone x2  
  28  3:05  Drone  
  33  3:21  Drone x2  
  33  3:23  Drone  
  36  3:46  Drone x4  
  39  3:55  Evolution Chamber  
  36  3:58  Evolution Chamber  
  35  4:03  Roach x4  
  43  4:13  Lair  
  43  4:15  Extractor  
  42  4:20  Drone x2  
  42  4:22  Overlord x3  
  44  4:27  Zerg Ground Armor Level 1  
  44  4:35  Extractor  
  43  4:44  Hatchery  
  42  4:46  Drone x2  
  42  4:49  Roach x2  
  42  4:52  Drone x2  
  50  5:08  Drone x3  
  53  5:28  Extractor  
  52  5:37  Roach  
  52  5:38  Roach x4  
  62  5:43  Overlord  
  62  5:44  Overlord  
  62  5:48  Drone  
  63  5:57  Hydralisk Den  
  62  6:04  Drone  
  62  6:05  Drone x6  
  69  6:21  Roach x5  
  69  6:22  Hatchery  
  78  6:46  Queen  
  80  6:48  Hydralisk  
  80  6:49  Hydralisk x4  
  80  6:52  Overlord  
  90  7:19  Overseer  
  90  7:30  Nydus Network  
  90  7:36  Hydralisk x4  
  90  7:37  Hydralisk x3  
  91  7:39  Overlord  
  91  7:40  Overlord x3  
  103  7:46  Zerg Missile Weapons Level 1  
  103  7:50  Drone  
  104  8:21  Drone x3  
  104  8:25  Drone x5  
  104  8:26  Drone  
  104  8:27  Drone x2  
  115  8:55  Extractor  
  114  8:56  Extractor  
  114  8:57  Roach x5  
  114  8:58  Roach x6  
  114  9:01  Grooved Spines  
  135  9:04  Zerg Ground Armor Level 2  
  135  9:07  Overlord  
  135  9:08  Overlord x3  
  135  9:50  Infestation Pit  
  134  10:13  Nydus Canal, Muscular Augments  
  134  10:33  Hive  
  134  10:43  Zerg Missile Weapons Level 2  
  134  10:52  Infestor x3  
  134  10:55  Burrow  
  140  10:59  Neural Parasite  
  140  11:10  Zergling x2  
  140  11:11  Zergling x32  
  157  11:18  Glial Reconstitution  
  157  11:20  Zerg Melee Weapons Level 1  
  157  11:23  Hatchery  
  156  11:45  Adrenal Glands  
  156  11:50  Zergling x2  
  156  11:51  Zergling x22  
  168  12:14  Overlord x4  
  168  12:20  Overlord x3  
  168  12:55  Drone x3  
  171  13:14  Zerg Ground Armor Level 3  
  171  13:16  Zergling x6  
  171  13:17  Zergling x36  
  192  13:32  Zerg Missile Weapons Level 3  
  177  14:43  Zergling x2  
  177  14:44  Zergling x6  
  177  14:45  Zergling x12  
  103  15:39  Hydralisk  
  103  15:40  Hydralisk x8  
  91  15:51  Zerg Melee Weapons Level 2  
  77  16:08  Zergling x18  
  86  16:28  Zergling x12  
  92  16:33  Hatchery  
  91  16:44  Hatchery  
  61  17:19  Zergling x2  
  61  17:20  Zergling x20  
  72  17:26  Extractor  
  71  17:45  Roach x5  
  71  17:46  Roach x7  
  95  17:54  Ultralisk Cavern  
  94  18:23  Hydralisk  
  94  18:24  Hydralisk x18  
  132  18:44  Ultralisk  
  132  18:45  Ultralisk x5  
  168  19:03  Drone x5  
  168  19:04  Drone x3  
  176  19:10  Drone x2  
  178  19:40  Hatchery  
  178  19:43  Chitinous Plating  
  177  19:55  Infestor x3  
  177  19:56  Infestor  
  177  19:57  Infestor  
  177  19:58  Infestor  
  189  20:14  Extractor  
  189  20:16  Extractor  
  158  20:36  Extractor  
  158  20:38  Extractor  
  76  20:58  Hydralisk  
  76  20:59  Hydralisk x15  
  76  21:02  Anabolic Synthesis  
  105  21:27  Zergling x14  
  105  21:28  Zergling x12  
  77  21:59  Hatchery  
  77  22:00  Zergling x14  
  77  22:01  Zergling x12  
  89  22:11  Drone x3  
  92  22:32  Zergling x2  
  92  22:33  Zergling x28  
  84  22:49  Roach  
  84  22:50  Roach x5  
Show
View Real Time Build Order
Export as new Build Order

Mesrob Terran - Winner!

Build Orders: Mech 

Get SALT Encoding   

  12  0:00  SCV  
  13  0:12  SCV  
  14  0:18  Supply Depot  
  14  0:24  SCV  
  15  0:40  SCV  
  15  0:41  Barracks  
  16  0:47  Refinery  
  16  0:52  SCV  
  18  1:04  SCV  
  18  1:16  SCV  
  19  1:28  Orbital Command  
  19  1:40  Command Center  
  19  1:42  Marine  
  20  1:55  SCV  
  21  2:04  Factory  
  21  2:07  SCV  
  22  2:17  Supply Depot, Bunker  
  22  2:19  SCV  
  22  2:21  Barracks Tech Lab  
  23  2:39  SCV  
  24  2:48  Supply Depot  
  24  2:55  SCV  
  25  3:06  Siege Tank  
  25  3:07  Engineering Bay, SCV  
  25  3:11  Supply Depot  
  29  3:13  Orbital Command  
  29  3:19  SCV  
  30  3:27  Refinery  
  30  3:31  SCV  
  30  3:46  Supply Depot  
  29  3:59  Siege Tank  
  32  4:06  Supply Depot  
  32  4:08  Marine  
  33  4:17  Missile Turret  
  33  4:18  SCV  
  34  4:26  Refinery  
  34  4:30  SCV  
  35  4:33  SCV  
  35  4:34  Armory  
  36  4:42  SCV  
  36  4:44  Supply Depot  
  36  4:45  SCV  
  38  4:47  Missile Turret  
  38  4:55  SCV  
  39  5:00  Siege Tank  
  39  5:01  SCV  
  43  5:09  Command Center  
  43  5:10  Supply Depot  
  43  5:12  Refinery  
  43  5:15  SCV  
  43  5:19  SCV  
  45  5:23  Terran Vehicle Weapons Level 1  
  45  5:27  SCV  
  46  5:31  SCV  
  47  5:39  SCV  
  47  5:42  Factory  
  48  5:51  SCV  
  48  5:52  Marine  
  48  5:54  Refinery  
  50  6:01  Thor  
  50  6:03  SCV  
  57  6:05  SCV  
  57  6:09  Marine  
  59  6:17  SCV  
  60  6:19  Missile Turret  
  60  6:29  SCV  
  61  6:39  Missile Turret  
  61  6:41  Planetary Fortress  
  61  6:44  Factory Reactor  
  61  6:47  Factory  
  61  6:48  Missile Turret  
  61  6:57  Marine  
  62  7:04  SCV  
  62  7:07  SCV  
  64  7:09  Missile Turret  
  64  7:11  Thor  
  64  7:15  Marine  
  71  7:16  SCV  
  71  7:18  Factory  
  71  7:21  SCV  
  73  7:24  SCV  
  73  7:28  SCV  
  75  7:34  SCV  
  75  7:36  SCV  
  77  7:41  Sensor Tower  
  77  8:00  Hellbat x2  
  77  8:01  Factory Reactor  
  77  8:03  Terran Vehicle And Ship Armor Level 1  
  77  8:04  Factory Tech Lab  
  81  8:09  Factory  
  81  8:14  Sensor Tower  
  81  8:19  Missile Turret  
  81  8:24  Armory  
  81  8:26  Hellbat x2  
  85  8:40  Missile Turret  
  85  8:43  Thor  
  85  8:44  Thor  
  85  8:45  Hellbat  
  85  8:46  Hellbat  
  101  8:56  Factory  
  101  9:01  SCV  
  102  9:04  Refinery, Factory Tech Lab  
  102  9:06  Refinery  
  102  9:07  SCV  
  102  9:08  SCV  
  104  9:13  SCV  
  105  9:19  Hellion, SCV  
  108  9:25  SCV  
  109  9:34  Supply Depot  
  109  9:40  Factory, Supply Depot  
  109  9:46  Terran Vehicle Weapons Level 2  
  109  9:51  Supply Depot  
  109  9:55  Thor  
  109  9:56  Hellbat, Supply Depot  
  117  10:02  Hellbat x2, SCV x3  
  117  10:03  Supply Depot  
  124  10:14  Supply Depot, SCV x3  
  124  10:19  Supply Depot  
  127  10:26  Supply Depot, SCV x2  
  129  10:38  Supply Depot, SCV  
  129  10:41  Factory Reactor  
  129  10:42  Supply Depot  
  130  10:47  Factory Tech Lab  
  130  10:51  Supply Depot  
  130  10:54  Factory  
  130  11:14  Supply Depot, Command Center  
  130  11:24  Thor  
  136  11:31  Thor x2  
  136  11:32  Thor  
  154  11:35  Hellbat  
  154  11:36  Hellbat x3  
  154  11:37  Hellbat x2  
  154  11:38  Factory, Supply Depot, Terran Vehicle And Ship Armor Level 2  
  166  11:59  Factory Reactor  
  166  12:00  Supply Depot  
  166  12:07  Thor  
  172  12:10  Command Center  
  172  12:14  Thor  
  178  12:53  Hellion  
  178  12:56  Planetary Fortress  
  178  13:16  Refinery  
  178  13:27  Factory Tech Lab  
  178  13:32  Planetary Fortress  
  178  13:37  Refinery  
  178  13:42  Refinery  
  176  14:04  Refinery  
  176  14:11  Thor x4  
  142  15:06  Thor x4  
  128  15:08  Hellbat x3  
  128  15:13  Thor  
  120  15:28  SCV x3  
  115  15:46  Hellbat  
  115  15:47  Hellbat x5  
  115  15:48  Hellbat x2  
  115  15:49  Thor  
  110  16:06  Command Center  
  110  16:17  Command Center  
  110  16:21  Command Center  
  110  16:37  SCV  
  110  16:38  SCV x2  
  113  16:49  SCV  
  113  16:50  Thor x2  
  113  16:51  Thor  
  110  17:10  Thor  
  110  17:12  Hellbat  
  110  17:13  Hellbat x4  
  110  17:14  Hellbat x3  
  132  17:35  Command Center  
  132  17:37  Starport, Planetary Fortress  
  132  17:44  Planetary Fortress  
  132  17:45  Refinery  
  132  17:48  Thor x2  
  132  17:49  Thor x2  
  132  17:51  Hellbat x5  
  164  17:52  Hellbat x3  
  164  17:56  Terran Vehicle Weapons Level 3  
  164  17:58  Terran Vehicle And Ship Armor Level 3  
  172  18:22  SCV x3  
  172  18:24  SCV x2  
  177  18:34  SCV x2  
  177  18:35  SCV  
  180  18:48  Fusion Core  
  180  18:58  Planetary Fortress  
  180  19:02  SCV x2  
  182  19:12  Refinery  
  182  19:13  Thor x3  
  200  19:21  Infernal Pre-Igniter  
  200  19:22  Smart Servos  
  200  19:56  Starport  
  200  19:58  Starport  
  200  20:01  Starport  
  200  20:35  Terran Ship Weapons Level 1  
  156  20:39  Starport  
  156  20:41  Starport  
  127  20:46  Starport Tech Lab x3  
  127  20:49  Thor x3  
  123  20:50  Thor x2  
  123  20:52  Hellbat x6  
  141  21:15  Hellbat x6  
  141  21:16  Hellbat x2  
  157  21:32  Thor  
  163  21:39  Refinery  
  163  21:40  Refinery  
  151  21:49  Thor x3  
  151  21:50  Thor  
  151  21:51  Hellbat x2  
  151  21:52  Hellbat x5  
  151  21:53  Hellbat  
  173  22:15  Thor  
  179  22:16  Hellbat  
  179  22:17  Hellbat x6  
  179  22:18  Hellbat  
  193  22:47  Command Center  
  197  23:10  Starport Tech Lab x2  
Tags
 
Composition
Mech
League
GoldGold
Matchup
TvZ
Replay Pack
sc2 replays
Spawn Locations
Cross Positions
Add a new tag
Caveats
  • Supply blocks, unpowered buildings, or Contaminate may cause inaccurate times.
  • Supply counts are checked every 10 seconds.